 Dungeon Crawl Stone Soup version 0.27-a0-1456-gf5a116941d (webtiles) character file.

Game seed: 1279436368978005912

83157 Bapho the Bludgeoner (level 15, -12/100 HPs)
             Began as a Gargoyle Fighter on July 6, 2021.
             Was a High Priest of Okawaru.
             Killed from afar by Jorgrun (45 damage)
             ... with an iron shot
             ... on level 1 of the Orcish Mines.
             The game lasted 00:51:56 (30001 turns).

Bapho the Bludgeoner (Gargoyle Fighter)            Turns: 30001, Time: 00:51:57

Health: -12/100    AC: 36    Str: 30    XL:     15   Next: 76%
Magic:  13/19      EV: 10    Int: 12    God:    Okawaru [*****.]
Gold:   1493       SH: 22    Dex: 13    Spells: 9/14 levels left

rFire    + . .     SeeInvis +   U - +5 eveningstar "Thing" {elec, *Noise rElec Int+4 Dex+4}
rCold    + . .     Faith    .   c - +0 kite shield
rNeg     + . .     Spirit   .   y - +0 plate armour
rPois    ∞         Reflect  +   n - +2 helmet
rElec    +         Harm     .   H - scarf {rC+ rF+}
rCorr    .         Rampage  .   X - +1 pair of gloves of Pazxuf {Str+3 SInv}
Will     +....                  (no boots)
Stlth    ..........             E - amulet of reflection
HPRegen  0.26/turn              (no ring)
MPRegen  0.16/turn              (no ring)

@: heroic, finesse-ful, flying, studying Maces & Flails
A: sickness immunity, AC +11, big wings, negative energy resistance 1,
electricity resistance, torment resistance 1, petrification resistance
a: Renounce Religion, Heroism, Finesse


You were on level 1 of the Orcish Mines.
You worshipped Okawaru.
Okawaru was extremely pleased with you.
You visited 4 branches of the dungeon, and saw 19 of its levels.
You visited the Abyss 1 time.
You also visited: Ossuary.

You collected 1813 gold pieces.
You spent 320 gold pieces at shops.

Inventory:

Hand Weapons
 a - a +1 flail
 Q - the +0 whip "Kubbas" {vamp, rF+ rCorr}
   (You found it on level 3 of the Lair of Beasts)

   It inflicts no extra harm, but heals its wielder when it wounds a living foe.
   rF:        It protects you from fire.
   rCorr:     It protects you from acid and corrosion.
 U - the +5 eveningstar "Thing" (weapon) {elec, *Noise rElec Int+4 Dex+4}
   (Okawaru gifted it to you on level 5 of the Lair of Beasts)

   Occasionally, upon striking a foe, it can discharge electrical energy and
   cause terrible harm.
   Int:       It affects your intelligence (+4).
   Dex:       It affects your dexterity (+4).
   rElec:     It insulates you from electricity.
   *Noise:    It may make noises in combat.
Missiles
 d - 9 curare-tipped darts
 g - 459 stones (quivered)
 w - a throwing net
 Z - 3 atropa-tipped darts
Armour
 c - a +0 kite shield (worn)
 j - a +0 cloak
 n - a +2 helmet (worn)
 r - a +0 chain mail
 y - a +0 plate armour (worn)
 z - the +7 tower shield "Suarudug" {Dex+7}
   (You found it on level 9 of the Dungeon)

   Dex:       It affects your dexterity (+7).
 H - a scarf of resistance (worn)
 X - the +1 pair of gloves of Pazxuf (worn) {Str+3 SInv}
   (Okawaru gifted it to you on level 6 of the Lair of Beasts)

   Str:       It affects your strength (+3).
   SInv:      It lets you see invisible.
 Y - the +0 pair of gloves "Coehit" {Int+3}
   (You found it on level 2 of the Abyss)

   Int:       It affects your intelligence (+3).
Jewellery
 E - an amulet of reflection (around neck)
 R - an amulet of guardian spirit
 V - an amulet of regeneration
Wands
 i - a wand of polymorph (8)
 l - a wand of acid (10)
 B - a wand of iceblast (5)
 K - a wand of paralysis (5)
 M - a wand of flame (38)
 N - a wand of mindburst (15)
 W - a wand of digging (5)
Scrolls
 f - 2 scrolls of noise {unknown}
 h - 10 scrolls of teleportation
 k - 3 scrolls of enchant armour
 o - 5 scrolls of magic mapping
 s - a scroll of silence
 x - 6 scrolls of amnesia
 A - a scroll of summoning
 C - 7 scrolls of fear
 G - 2 scrolls of fog
 L - a scroll of blinking {unknown}
 O - a scroll of torment {unknown}
 P - a scroll of vulnerability {unknown}
 S - 2 scrolls of identify
 T - 2 scrolls of enchant weapon
Potions
 b - 5 potions of lignification
 e - 9 potions of curing
 m - a potion of resistance
 p - a potion of heal wounds
 q - 2 potions of degeneration
 t - 2 potions of ambrosia
 u - 4 potions of flight
 v - 2 potions of brilliance
 D - 3 potions of berserk rage
 F - a potion of might
 I - 3 potions of attraction {unknown}
Miscellaneous
 J - a condenser vane


   Skills:
 + Level 14.2(19.2) Fighting
 - Level 16.0(21.0) Maces & Flails
 + Level 14.2(19.2) Armour
 - Level 15.0(20.0) Shields
 - Level 5.9 Invocations


You had 9 spell levels left.
You knew the following spells:

 Your Spells              Type           Power      Damage    Failure   Level
a - Silence               Hex/Air        0%         N/A       100%        5

Your spell library contained the following spells:

 Spells                   Type           Power      Damage    Failure   Level
 Animate Skeleton         Necr           0%         N/A       80%         1
 Apportation              Tloc           0%         N/A       80%         1
 Corona                   Hex            0%         N/A       80%         1
 Magic Dart               Conj           0%         1d3       80%         1
 Pain                     Necr           0%         1d4       80%         1
 Sandblast                Erth           0%         2d4       80%         1
 Summon Small Mammal      Summ           0%         N/A       80%         1
 Call Imp                 Summ           0%         N/A       91%         2
 Passwall                 Tmut/Erth      0%         N/A       91%         2
 Wereblood                Tmut           0%         N/A       91%         2
 Dazzling Flash           Conj/Hex       0%         N/A       99%         3
 Mephitic Cloud           Conj/Pois/Air  0%         N/A       99%         3
 Swiftness                Air            0%         N/A       99%         3
 Tukima's Dance           Hex            0%         N/A       99%         3
 Vampiric Draining        Necr           0%         2d6       99%         3
 Petrify                  Tmut/Erth      0%         N/A       100%        4
 Sticky Flame             Conj/Fire      0%         2d3       100%        4
 Agony                    Necr           0%         N/A       100%        5
 Excruciating Wounds      Necr           0%         N/A       100%        5
 Lee's Rapid Deconstruct  Erth           0%         3d5*      100%        5
 Metabolic Englaciation   Hex/Ice        0%         N/A       100%        5
 Invisibility             Hex            0%         N/A       100%        6
 Summon Hydra             Summ           0%         N/A       100%        7
 Borgnjor's Revivificati  Necr           0%         N/A       100%        8
 Necromutation            Tmut/Necr      0%         N/A       100%        8
 Death's Door             Necr           0%         N/A       100%        9
 Sublimation of Blood     Necr           Unusable   N/A       N/A         2
 Statue Form              Tmut/Erth      Unusable   N/A       N/A         6

Dungeon Overview and Level Annotations

Branches:
Dungeon (10/15)            Temple (1/1) D:4            Lair (6/6) D:10
 Shoals (0/4) Lair:3        Snake (0/4) Lair:2        Slime (0/5) Lair:5
    Orc (2/2) D:10        Ossuary (visited)
    Elf: Orc:2

Altars:
Ashenzari
Cheibriados
Dithmenos
Elyvilon
Fedhas
Gozag
Hepliaklqana
Kikubaaqudgha
Makhleb
Nemelex Xobeh
Okawaru
Qazlal
Ru
Sif Muna
Trog
Uskayaw
Vehumet
Wu Jian
Xom
Yredelemnul
Zin
The Shining One
Jiyva

Shops:
D:3 (   D:4 [   D:5 *   D:7 (   Orc:2 (

Portals:
Hell: Lair:6

Annotations:
Lair:4 2 transporters, Mateji's ghost, journeyman DENe
Lair:5 1 runed translucent door, Kinoniko's ghost, journeyman GnBe
Orc:1 Jorgrun


Innate Abilities, Weirdness & Mutations

You are immune to sickness and miasma.
Your stone body is resilient. (AC +11)
You are immune to poison.
Your large and strong wings let you fly.
You resist negative energy. (rN+)
You are resistant to electric shocks. (rElec)
You are resistant to unholy torment.
You are immune to petrification.


Message History

Okawaru accepts your kill.
No target in view!
No target in view!
You gain the combat prowess of a mighty hero.
You can now deal lightning-fast blows.
You fly downwards.
Level annotation: Jorgrun The orc knight roars a battlecry!
The orcs go into a battle-frenzy!
The ettin hits you with a +0 great mace!!
The ettin hits you with a +0 dire flail!!
There is a stone staircase leading up here.
You are too injured to fight recklessly!
You block Jorgrun's attack. The ettin barely misses you.
The ettin hits you with a +0 dire flail!!
You fly upwards.
There is a stone staircase leading down here.
You hit the ettin.
The ettin is lightly wounded.
You hit the ettin.
The ettin is lightly wounded.
You block Jorgrun's attack.
The ettin hits you with a +0 great mace.
You block the ettin's attack.
You bludgeon the ettin!!
The ettin is heavily wounded.
You puncture the ettin!
Your eveningstar "Thing" prattles on and on.
The ettin is severely wounded.
You hit the ettin but do no damage. Lightning courses through the ettin!
The ettin is almost dead.
You block Jorgrun's attack.
The ettin hits you but does no damage. x2
You sock the ettin! Lightning courses through the ettin!
You hear a loud, deep croak!
You kill the ettin!
Okawaru accepts your kill.
You hit Jorgrun but do no damage. Jorgrun casts a spell at you.
The iron shot hits you!!!
You die...

###..........#.......##
##.##..............#...## ###
....#...................## ##.##
....#....##........[.....# #...#
...................).....## #....
....##....................###....
..###.#................#.#..[[...
...............g........#.[.<)...
........).......@)......)....[#..
.......[........[.....#.....#.##.
......##..............#....[...##
.#.#.###.......................).
##.###...................^###)...
#...#....................##..(...
##.###..............#............
### #....#...................#..
##..#..................####.


You could see Jorgrun.

Vanquished Creatures
  Rupert (Lair:6)
  Josephine (D:10)
  An ettin (Orc:1)
  A great orb of eyes (Abyss:2)
  3 boulder beetles
  Harold (D:7)
  A catoblepas (Lair:5)
  9 hydras
  A two-headed ogre (D:6)
  4 death yaks
  A sun demon (Lair:6)
  3 wretched stars (Abyss:2)
  A sixfirhy (Abyss:2)
  2 glowing orange brains (Abyss:2)
  An anaconda skeleton (Abyss:2)
  A wizard (Lair:6)
  A worldbinder (Lair:6)
  A wolf spider (Lair:3)
  An oklob plant (Lair:5)
  2 cyclopes
  25 elephants
  Maurice (Orc:1)
  13 black mambas
  A merfolk siren (Lair:3)
  A gargoyle (D:6)
  A torpor snail (Lair:6)
  A smoke demon (Lair:6)
  2 orange demons (Lair:6)
  15 rime drakes
  9 cane toads
  14 komodo dragons
  A kobold demonologist (D:10)
  2 ice devils (Lair:6)
  A red devil (Lair:6)
  3 polar bears
  A merfolk (Lair:3)
  A hornet (D:8)
  2 trolls
  28 blink frogs
  A dream sheep (Lair:5)
  2 raiju (Abyss:2)
  6 slime creatures
  A tarantella (Lair:3)
  A redback (Lair:3)
  4 flying skulls (Abyss:2)
  4 wraiths
  17 wyverns
  A large abomination (Abyss:2)
  54 yaks
  4 fire bats (D:10)
  A ynoxinul (Abyss:2)
  8 basilisks
  4 steam dragons
  4 wargs
  20 water moccasins
  5 hell hounds
  A sky beast (D:6)
  An ice beast (D:6)
  A black bear (D:8)
  9 orc warriors
  6 ogres
  13 wolves
  8 centaurs
  2 small abominations (Abyss:2)
  2 phantoms
  3 kobold brigands
  12 bullfrogs
  A gnoll sergeant (D:9)
  6 scorpions
  2 wyvern zombies
  6 water moccasin zombies
  6 killer bees (D:8)
  4 electric eels
  4 howler monkeys
  4 lava snakes
  A bullfrog zombie (D:5)
  A quasit (Abyss:2)
  3 centaur zombies
  3 orc priests
  2 gnoll shamans
  2 hounds (D:6)
  8 jellies
  A bullfrog skeleton (D:5)
  3 iguanas (D:5)
  9 orc wizards
  5 hell rats (Lair:5)
  A hound skeleton (D:5)
  2 mummies (Ossuary)
  Robin (D:3)
  18 gnolls
  A howler monkey skeleton (D:7)
  9 adders
  A shadow imp (D:7)
  A white imp (D:6)
  An ufetubus (D:7)
  5 adder zombies (Ossuary)
  3 worms
  2 dart slugs
  21 orcs
  23 endoplasms
  5 giant cockroaches
  21 goblins
  3 hobgoblins
  7 jackals
  5 quokkas
  8 ball pythons
  5 bats
  3 frilled lizards (D:3)
  A gnoll zombie (Ossuary)
  5 hobgoblin zombies (Ossuary)
  15 kobolds
  A kobold zombie (Ossuary)
  4 orc zombies (Ossuary)
  7 rats
  3 fire vortices (D:10)
607 creatures vanquished.

Vanquished Creatures (others)
  68 fungi
  66 plants
134 creatures vanquished.

Grand Total: 741 creatures vanquished

Notes
Turn   | Place    | Note
-------+----------+-------------------------------------------
     0 | D:1      | Bapho the Gargoyle Fighter began the quest for the Orb.
     0 | D:1      | Reached XP level 1. HP: 14/14 MP: 1/1
   196 | D:1      | Found a faded altar of an unknown god.
   307 | D:1      | Reached XP level 2. HP: 4/19 MP: 2/2
  1404 | D:2      | Found an ornate altar of the Wu Jian Council.
  1452 | D:2      | Reached XP level 3. HP: 23/23 MP: 3/3
  1898 | D:2      | Reached XP level 4. HP: 28/28 MP: 4/4
  2194 | D:3      | Reached skill level 3 in Maces & Flails
  2194 | D:3      | Reached skill level 5 in Shields
  2363 | D:2      | Reached XP level 5. HP: 20/32 MP: 5/5
  2814 | D:3      | Noticed Robin
  2869 | D:3      | Killed Robin
  3566 | D:3      | Reached XP level 6. HP: 37/37 MP: 6/6
  3568 | D:3      | Found Ynkuxim's Weapon Shop.
  3869 | D:3      | Found a burning altar of Makhleb.
  3869 | D:3      | Noticed a green death
  3872 | D:3      | Noticed a hellwing
  3872 | D:3      | Noticed a smoke demon
  4514 | D:3      | Found a snail-covered altar of Cheibriados.
  4574 | D:4      | Found a sand-covered staircase.
  4579 | Ossuary  | Entered an ossuary
  4625 | Ossuary  | Reached skill level 4 in Maces & Flails
  4766 | Ossuary  | Reached XP level 7. HP: 24/41 MP: 7/7
  5638 | D:4      | Found a staircase to the Ecumenical Temple.
  5667 | Temple   | Entered the Ecumenical Temple
  5931 | D:4      | Reached skill level 5 in Maces & Flails
  6006 | D:4      | Found a blossoming altar of Fedhas.
  6261 | D:4      | Reached XP level 8. HP: 28/46 MP: 8/8
  6512 | D:4      | Found a white marble altar of Elyvilon.
  6512 | D:4      | Found a shadowy altar of Dithmenos.
  6512 | D:4      | Found a hide-covered altar of Uskayaw.
  6661 | D:4      | Found Tous's Antique Armour Shop.
  6831 | D:5      | Entered Level 5 of the Dungeon
  7368 | D:5      | Reached skill level 6 in Maces & Flails
  7672 | D:5      | Reached skill level 10 in Shields
  7924 | D:5      | Found Geigry's Neck Hole.
  8168 | D:6      | Reached XP level 9. HP: 47/51 MP: 9/9
  8334 | D:6      | Reached skill level 7 in Maces & Flails
  8379 | D:6      | Noticed a two-headed ogre
  8401 | D:6      | Killed a two-headed ogre
  8598 | D:6      | Noticed a seven-headed hydra
  8651 | D:6      | Noticed a gargoyle
  8711 | D:6      | Killed a gargoyle
  8712 | D:6      | Reached skill level 8 in Maces & Flails
  9009 | D:6      | Reached XP level 10. HP: 56/56 MP: 10/10
  9890 | D:7      | Found Wollituo's Antique Weapon Emporium.
 10108 | D:7      | Noticed Harold
 10302 | D:7      | Killed Harold
 11057 | D:8      | Found an iron altar of Okawaru.
 11058 | D:8      | Found a glowing silver altar of Zin.
 11087 | D:8      | Became a worshipper of Warmaster Okawaru
 11303 | D:8      | Reached skill level 9 in Maces & Flails
 11741 | D:8      | Reached * piety under Okawaru
 12259 | D:8      | Reached XP level 11. HP: 52/60 MP: 9/11
 12499 | D:8      | Found a hazy altar of Hepliaklqana.
 13091 | D:9      | Identified the +7 tower shield "Suarudug" {Dex+7}
 13124 | D:9      | Reached skill level 10 in Maces & Flails
 13283 | D:9      | Reached ** piety under Okawaru
 14057 | D:9      | Reached skill level 15 in Shields
 14083 | D:9      | Found a glowing golden altar of the Shining One.
 14308 | D:9      | Identified the +0 leather armour of Submission {Rampage
                  | Str+2 Int+2 SInv}
 14450 | D:10     | Entered Level 10 of the Dungeon
 14670 | D:10     | Noticed Josephine
 14682 | D:10     | Killed Josephine
 14682 | D:10     | Reached *** piety under Okawaru
 14683 | D:10     | Reached skill level 11 in Maces & Flails
 15168 | D:10     | Reached **** piety under Okawaru
 15343 | D:5      | Bought a scarf of resistance for 320 gold pieces
 15518 | D:10     | Found a staircase to the Orcish Mines.
 15583 | D:10     | Reached skill level 12 in Maces & Flails
 15665 | D:10     | Reached skill level 1 in Invocations
 15743 | D:10     | Found a staircase to the Lair.
 16226 | Orc:1    | Entered Level 1 of the Orcish Mines
 16226 | Orc:1    | Noticed a cyclops
 16240 | D:10     | Reached XP level 12. HP: 42/64 MP: 12/14
 17755 | Orc:2    | Entered Level 2 of the Orcish Mines
 17759 | Orc:2    | Found Fuc Tegg's Antique Weapon Shoppe.
 17759 | Orc:2    | Noticed Jorgrun
 17772 | Orc:2    | Noticed an ettin
 17777 | Orc:2    | Noticed Maurice
 17866 | Lair:1   | Entered Level 1 of the Lair of Beasts
 17881 | Lair:1   | Reached skill level 5 in Invocations
 19079 | Lair:1   | Reached skill level 5 in Fighting
 19247 | Lair:1   | Identified a scroll of acquirement
 19247 | Lair:1   | Acquired a manual of Maces & Flails
 19319 | Lair:2   | Reached skill level 5 in Armour
 19646 | Lair:2   | Found a staircase to the Snake Pit.
 19902 | Lair:2   | Reached ***** piety under Okawaru
 20670 | Lair:3   | Noticed a six-headed hydra
 20687 | Lair:3   | Killed a six-headed hydra
 20687 | Lair:3   | Received a gift from Okawaru
 20688 | Lair:3   | Reached XP level 13. HP: 62/78 MP: 15/17
 21892 | Lair:3   | Got Rigi Roefie's Reference Book on Malediction and Arcane
                  | Weapons
 21900 | Lair:3   | Found a runed translucent door.
 22051 | Lair:3   | Received a gift from Okawaru
 22256 | Lair:3   | Found a staircase to the Shoals.
 22287 | Lair:3   | Received a gift from Okawaru
 22661 | Lair:3   | Identified the +0 whip "Kubbas" {vamp, rF+ rCorr}
 23560 | Lair:4   | Reached skill level 10 in Fighting
 23565 | Lair:4   | Reached skill level 10 in Armour
 23864 | Lair:4   | Found a transporter.
 23872 | Lair:4   | Found a transporter.
 23879 | Lair:4   | Noticed Mateji's ghost (journeyman DENe)
 23893 | Lair:4   | Reached skill level 13 in Maces & Flails
 24179 | Lair:4   | Learned a level 5 spell: Silence
 24811 | Lair:4   | Found a bloodstained altar of Trog.
 25090 | Lair:5   | Gained mutation: Your large and strong wings let you fly.
                  | [Gargoyle growth]
 25090 | Lair:5   | Reached XP level 14. HP: 87/88 MP: 11/18
 25406 | Lair:5   | Found a runed translucent door.
 25406 | Lair:5   | Noticed Kinoniko's ghost (journeyman GnBe)
 25436 | Lair:5   | Reached skill level 14 in Maces & Flails
 25815 | Lair:5   | Found a viscous altar of Jiyva.
 25816 | Lair:5   | Found a staircase to the Slime Pits.
 25890 | Lair:5   | Identified the +5 eveningstar "Thing" {elec, *Noise rElec
                  | Int+4 Dex+4} (Okawaru gifted it to you on level 5 of the
                  | Lair of Beasts)
 25890 | Lair:5   | Received a gift from Okawaru
 27013 | Lair:6   | Entered Level 6 of the Lair of Beasts
 27016 | Lair:6   | Reached skill level 15 in Maces & Flails
 27310 | Lair:6   | Received a gift from Okawaru
 27515 | Lair:6   | Noticed Rupert
 27537 | Lair:6   | Killed Rupert
 27546 | Lair:6   | Received a gift from Okawaru
 27552 | Lair:6   | Reached XP level 15. HP: 83/97 MP: 13/19
 27735 | Lair:6   | Reached skill level 16 in Maces & Flails
 28834 | Lair:6   | Identified the +1 pair of gloves of Pazxuf {Str+3 SInv}
                  | (Okawaru gifted it to you on level 6 of the Lair of Beasts)
 28834 | Lair:6   | Received a gift from Okawaru
 28982 | Lair:6   | Cast into level 2 of the Abyss (a wizard)
 29007 | Abyss:2  | Identified the +0 pair of gloves "Coehit" {Int+3}
 29283 | Lair:6   | Escaped the Abyss
 29292 | Lair:6   | Found a burning altar of Makhleb.
 29686 | Lair:6   | Found a gateway to Hell.
 29983 | Orc:1    | Killed Maurice
 30001 | Orc:1    | Killed from afar by Jorgrun

Illustrated notes

Levels and vault maps discovered:
D:1:      giann_forest_graveyard, layout_loops_ring,
          shapermc_ecumenical_altar_hornbeckon
D:2:      layout_loops_ring, basic_altar
D:3:      layout_loops_corners, makhleb_altar_promises_db,
          cheibrodos_worm_habitat, serial_shops, shop_statue, st_stairs_8,
          minmay_increasing_density, uniq_robin
D:4:      layout_loops_cross, nicolae_overflow_crystal_walls,
          gammafunk_temple_overflow_claw, temple_fountains, enter_ossuary_5,
          nicolae_stop_n_shop_1
D:5:      layout_loops_ring, nicolae_shop_sticking_my_neck_out
D:6:      layout_loops_corners, kb_rosetta
D:7:      kennysheep_steamy, layout_loops_corners, serial_shops, shop,
          minmay_misc_feat_roman, nicolae_sextant, uniq_harold
D:8:      layout_gridville, lemuel_tele_altar, lemuel_crystal_altar,
          old_standard_altar
D:9:      layout_long_grid, kennysheep_mini_moat, enter_bailey_3,
          minmay_circle_x
D:10:     layout_basic, erik_lair_dragon, orc_0_dummy, nrook_pool_corridor,
          hangedman_incinerator, uniq_josephine
Temple:   hc_temple_tempest_star
Lair:1:   lemuel_slime, layout_small_grid
Lair:2:   layout_concentric_octagons, minmay_snake_entry_six_corridors,
          st_stairs_8, chequers_serial_rivers_large_a
Lair:3:   gammafunk_indiana_jones, layout_layer_cave, elwin_shoals_entry_rooms,
          chequers_serial_rivers_small_b, serial_bayou_shore_b,
          infiniplex_staircase_pool
Lair:4:   layout_gridlike, gammafunk_ghost_wrathful_warriors,
          chequers_serial_rivers_micro_c
Lair:5:   layout_roguey [special_room_mythical_zoo],
          dpeg_slime_entry_enclosed_altar, gammafunk_ghost_grave,
          minmay_shattered_shrine, serial_bayou_shore_b
Lair:6:   evil_forest, layout_gridlike, uniq_rupert
Orc:1:    layout_caves
Orc:2:    grunt_orc_gardens, layout_caves, grunt_orc_garden, grunt_orc_garden,
          grunt_orc_garden, grunt_orc_garden, serial_shops, shop, uniq_jorgrun,
          uniq_maurice

Skill      XL: |  1  2  3  4  5  6  7  8  9 10 11 12 13 14 15 |
---------------+----------------------------------------------+-----
Shields        | 4 5 6 7 8 10 12 14 15 | 15.0
Maces & Flails | 3 4 5 6 8 9 12 13 15 16 | 16.0
Invocations    | 2 5 |  5.9
Fighting       | 7 10 12 14 | 14.2
Armour         | 7 10 12 14 | 14.2

Action                   |  1- 3 |  4- 6 |  7- 9 | 10-12 | 13-15 || total
-------------------------+-------+-------+-------+-------+-------++-------
Melee: Flail             |   123 |   322 |   390 |  1344 |   775 ||  2954
       Whip              |       |       |       |       |    86 ||    86
       Eveningstar       |       |       |       |       |   560 ||   560
Throw: Stone             |    59 |    84 |   106 |   199 |   229 ||   677
Invok: Heroism           |       |       |       |    23 |    30 ||    53
       Finesse           |       |       |       |       |    15 ||    15
Evoke: Wand              |       |       |     2 |     9 |     3 ||    14
       Condenser vane    |       |       |       |     1 |       ||     1
  Use: Scroll            |       |       |    15 |     7 |       ||    22
       Potion            |       |       |     1 |     7 |     3 ||    11
 Stab: Petrified         |       |       |       |       |     3 ||     3
       Petrifying        |       |       |       |       |     2 ||     2
Armor: Scale mail        |    53 |   142 |       |       |       ||   195
       Chain mail        |       |    57 |    19 |       |       ||    76
       Plate armour      |       |       |   187 |   523 |   414 ||  1124
Dodge: Dodged            |    40 |    81 |    73 |   256 |   179 ||   629
Block: Kite shield       |    63 |   212 |   223 |  1031 |  1002 ||  2531
       Tower shield      |       |       |       |   214 |       ||   214
       Reflection        |       |       |       |     2 |     9 ||    11

Table legend: (Time is in decaauts)
 A = Elapsed time spent in this place.
 B = Non-inter-level travel time spent in this place.
 C = Inter-level travel time spent in this place.
 D = Time resting spent in this place.
 E = Time spent auto-exploring this place.
 F = Levels seen in this place.
 G = Mean time per level.
                   A        B        C        D        E       F      G
               +--------+--------+--------+--------+--------+-----+--------+
         Total |  29762 |  28668 |   1094 |   2972 |  19788 |  21 | 1417.2 |
       Dungeon |  16393 |  15565 |    828 |   1706 |  10558 |  10 | 1639.3 |
        Temple |    289 |    257 |     32 |      0 |    257 |   1 |  289.0 |
          Lair |  11203 |  11023 |    180 |   1047 |   8047 |   6 | 1867.2 |
  Orcish Mines |    778 |    726 |     52 |      0 |    485 |   2 |  389.0 |
         Abyss |    258 |    258 |      0 |      0 |     99 |   1 |  258.0 |
       Ossuary |    838 |    838 |      0 |    219 |    342 |   1 |  838.0 |
               +--------+--------+--------+--------+--------+-----+--------+

Top non-repeatable levels by time:
  Lair:3: 2295 daAuts
  Lair:6: 2245 daAuts
    D:10: 2163 daAuts
     D:8: 2135 daAuts
  Lair:5: 1888 daAuts
     D:3: 1856 daAuts
  Lair:2: 1793 daAuts
     D:9: 1701 daAuts
     D:6: 1654 daAuts
  Lair:4: 1593 daAuts
     D:2: 1575 daAuts
     D:7: 1409 daAuts
  Lair:1: 1388 daAuts
     D:1: 1354 daAuts
     D:5: 1286 daAuts
